 Dungeon Crawl Stone Soup version 0.22.1-1-ga44c0e56f4 (webtiles) character file.

2511 LLavrengius the Martial Artist (level 9, -5/60 HPs)
             Began as an Octopode Transmuter on Sept 28, 2018.
             Was a Priest of Makhleb.
             Slain by a two-headed ogre
             ... wielding a +0 dire flail
              (23 damage)
             ... on level 8 of the Dungeon.
             The game lasted 00:26:33 (7852 turns).

LLavrengius the Martial Artist (OpTm)               Turns: 7852, Time: 00:26:35

Health: -5/60      AC:  1    Str: 10    XL:     9   Next: 53%
Magic:  12/12      EV: 16    Int: 18    God:    Makhleb [***...]
Gold:   344        SH:  0    Dex: 12    Spells: 2/12 levels left

rFire    . . .     SeeInvis .     - Unarmed
rCold    . . .     Gourm    .   (no shield)
rNeg     . . .     Faith    .   (helmet restricted)
rPois    .         Spirit   .   (no amulet)
rElec    .         Reflect  .   b - +3 ring of evasion
rCorr    +         Harm     .   g - ring of resist corrosion
MR       .....                  (no ring)
Stlth    ++........             (no ring)
HPRegen  0.20/turn              (no ring)
MPRegen  0.13/turn              (no ring)
                                (no ring)
                                (no ring)

@: no status effects
A: almost no armour, stealthy swim, amphibious, 8 rings, constrict 8, camouflage
1, gelatinous body 1
a: Minor Destruction, Lesser Servant of Makhleb, Renounce Religion


You were on level 8 of the Dungeon.
You worshipped Makhleb.
Makhleb was most pleased with you.
You were not hungry.

You visited 1 branch of the dungeon, and saw 9 of its levels.

You collected 344 gold pieces.

Inventory:

Hand Weapons
 n - a +1 hunting sling
Missiles
 a - 122 arrows
 f - 151 stones
 r - 7 silver tomahawks
 t - 3 poisoned tomahawks (quivered)
 x - 4 tomahawks
Jewellery
 b - a +3 ring of evasion (left tentacle)
 g - a ring of resist corrosion (right tentacle)
 w - an uncursed ring of stealth {unknown}
Wands
 h - a wand of iceblast (8)
 l - a wand of flame (24)
Scrolls
 e - 10 scrolls of identify {unknown}
 i - a scroll of blinking
 k - 2 scrolls of enchant armour
 o - a scroll of enchant weapon
 p - 5 scrolls of remove curse {unknown}
Potions
 d - a potion of curing {unknown}
 j - 2 potions of cancellation {unknown}
 m - a potion of ambrosia {unknown}
 q - 2 potions of might {unknown}
 u - a potion of degeneration {unknown}
 v - a potion of lignification {unknown}
Comestibles
 c - 15 rations
 s - 2 chunks of flesh


   Skills:
 + Level 4.8 Fighting
 - Level 2.0 Dodging
 + Level 8.4 Unarmed Combat
 - Level 2.0 Spellcasting
 - Level 6.0 Transmutations
 - Level 5.0 Ice Magic
 - Level 4.0 Poison Magic


You had 2 spell levels left.
You knew the following spells:

 Your Spells              Type           Power        Failure   Level  Hunger
a - Beastly Appendage     Tmut           ###...       1%          1    #......
b - Sticks to Snakes      Tmut           ###.....     2%          2    ###....
c - Spider Form           Tmut/Pois      ###.......   7%          3    ###....
d - Ice Form              Ice/Tmut       ###.....     19%         4    #####..

Your spell library contained the following spells:

 Spells                   Type           Power        Failure   Level  Hunger
 Blade Hands              Tmut           ###.......   38%         5    ######.


Dungeon Overview and Level Annotations

Branches:
Dungeon (9/15)             Temple (0/1) D:7            Lair (0/6) D:8
    Orc: D:9-12

Altars:
Gozag
Makhleb
Trog
Uskayaw
Wu Jian
Xom
Yredelemnul
Zin

Shops:
D:4 %

Annotations:
D:8 3 runed doors


Innate Abilities, Weirdness & Mutations

You cannot wear most types of armour.
You are very stealthy in the water. (Stealth+)
You are amphibious.
You can wear up to eight rings at the same time.
You can use your tentacles to constrict eight enemies at once.
Your skin changes colour to match your surroundings (Stealth+).
Your rubbery body absorbs attacks. (AC +1, EV +1)


Message History

You start resting.
Your transformation has ended.
You start resting.
Your adder withers and dies!
Your magical contamination has completely faded away.
You start resting.
Magic restored.
You start resting.
A vampire comes into view.
The vampire gestures wildly while chanting.
The vampire flickers and vanishes!
Deactivating autopickup; reactivate with Ctrl-A.
There is a stone staircase leading up here.
A stone appears from out of thin air!
The stone hits you!
You climb upwards.
Level annotation: 3 runed doors The two-headed ogre hits you with a dire flail.
* * * LOW HITPOINT WARNING * * *
The two-headed ogre hits you with a giant spiked club!!
You die...

*,***,,,,,,*,,,,,,,,,,,,,,,,*****
,,,,*,,,,,,*,,,,,,,,,,,,,,,,,,,,,
******,,...***+*******,,,,,,,****
*,*,****#..* *,*******,,,,,,,*
,*,*,*,,#..* *,,,,,,,,,,,,,,,*
*,*,*+,,#..* *********,,,,,,*****
,*,*,***#..* *,,+,,,,,,+,,,,
****###+##.#######*,**,,,,,,*****
,,,,...........Z@#*,**,,,,,,*
*,,,*.#####.####O##.##,,,,,,*
*,,,#........O........,,,,,,*
*,,,########.###.##.#.,,,,,,*
,,,,,,,,,,*#..*###**#*,,,,,,*
,,,,,,,,,,*#...*,*,*,********
,,,,,,,,,,*#...#,,,,,*
,,,,,,,,,,,#...+.,,,8*
,,,,,,,,,,,#...+..,,,##########


You could see a two-headed ogre and a bullfrog skeleton.

Vanquished Creatures
  A troll (D:8)
  Prince Ribbit (D:5)
  Sigmund (D:5)
  An ice beast (D:8)
  A sky beast (D:6)
  A phantom (D:8)
  2 ogres
  2 centaurs
  3 bullfrogs
  A scorpion (D:4)
  3 wights (D:4)
  A howler monkey (D:4)
  2 bullfrog zombies
  3 crimson imps
  A jelly (D:7)
  A hound (D:8)
  An orc priest (D:5)
  4 bullfrog skeletons
  Crazy Yiuf (D:5)
  Ijyb (D:3)
  A centaur skeleton (D:5)
  3 iguanas
  An orc wizard (D:7)
  3 worker ants
  A hound zombie (D:5)
  A hound skeleton (D:4)
  2 worker ant zombies (D:5)
  A howler monkey zombie (D:5)
  3 gnolls (D:7)
  11 adders
  A shadow imp (D:7)
  An ooze (D:2)
  2 adder skeletons
  An adder zombie (D:7)
  2 worms (D:3)
  3 dart slugs
  4 leopard geckos
  10 orcs
  7 giant cockroaches
  14 goblins
  8 hobgoblins
  4 jackals
  A quokka (D:5)
  6 bats
  5 frilled lizards
  A jackal skeleton (D:6)
  9 kobolds
  A quokka zombie (D:5)
  5 rats
144 creatures vanquished.

Vanquished Creatures (others)
  A wizard (D:4)
1 creature vanquished.

Grand Total: 145 creatures vanquished

Notes
Turn   | Place    | Note
-------+----------+-------------------------------------------
     0 | D:1      | LLavrengius the Octopode Transmuter began the quest for the
                  | Orb.
     0 | D:1      | Reached XP level 1. HP: 13/13 MP: 3/3
   308 | D:1      | Reached XP level 2. HP: 18/18 MP: 5/5
   546 | D:1      | You fall through a shaft!
   601 | D:2      | Learned a level 2 spell: Sticks to Snakes
   716 | D:2      | Reached XP level 3. HP: 23/23 MP: 4/6
   721 | D:2      | Learned a level 3 spell: Spider Form
   793 | D:2      | Found a shimmering altar of Xom.
   950 | D:2      | Found a burning altar of Makhleb.
   950 | D:2      | Noticed a cacodemon
   953 | D:2      | Noticed a ynoxinul
   953 | D:2      | Noticed an orange demon
   955 | D:2      | Became a worshipper of Makhleb the Destroyer
  1178 | D:2      | Reached skill level 1 in Poison Magic
  1931 | D:3      | Reached skill level 4 in Unarmed Combat
  1936 | D:3      | Reached XP level 4. HP: 27/28 MP: 3/7
  2172 | D:3      | Noticed Ijyb
  2274 | D:3      | Killed Ijyb
  2557 | D:3      | Reached XP level 5. HP: 33/33 MP: 5/8
  2616 | D:3      | Found an ornate altar of the Wu Jian Council.
  2627 | D:3      | Reached * piety under Makhleb
  2893 | D:3      | Reached skill level 5 in Unarmed Combat
  3491 | D:4      | Reached ** piety under Makhleb
  3491 | D:4      | Reached XP level 6. HP: 38/38 MP: 5/9
  3799 | D:4      | Reached XP level 7. HP: 41/43 MP: 5/10
  3805 | D:4      | Learned a level 4 spell: Ice Form
  4033 | D:4      | Found Higraef's Food Shop.
  4097 | D:4      | Found a bloodstained altar of Trog.
  4098 | D:4      | Noticed a wizard
  4103 | D:4      | Killed a wizard
  4334 | D:4      | Found a bloodstained altar of Trog.
  4334 | D:4      | Found a basalt altar of Yredelemnul.
  4362 | D:5      | Entered Level 5 of the Dungeon
  4367 | D:5      | Noticed Sigmund
  4382 | D:5      | Killed Sigmund
  4382 | D:5      | Reached skill level 6 in Unarmed Combat
  5049 | D:5      | Noticed Prince Ribbit
  5073 | D:5      | Killed Prince Ribbit
  5073 | D:5      | Reached skill level 7 in Unarmed Combat
  5073 | D:5      | Reached skill level 5 in Transmutations
  5073 | D:5      | Reached XP level 8. HP: 40/49 MP: 3/11
  5252 | D:5      | Found a runed door.
  5282 | D:5      | Reached skill level 1 in Ice Magic
  5548 | D:5      | Noticed Crazy Yiuf
  5555 | D:5      | Killed Crazy Yiuf
  5724 | D:6      | Found a burning altar of Makhleb.
  5725 | D:6      | Noticed a balrug
  5729 | D:6      | Found a glowing silver altar of Zin.
  5729 | D:6      | Noticed an angel
  6739 | D:7      | Reached XP level 9. HP: 51/57 MP: 10/12
  6758 | D:7      | Found an opulent altar of Gozag.
  6967 | D:7      | Found a hide-covered altar of Uskayaw.
  7175 | D:7      | Found a staircase to the Ecumenical Temple.
  7193 | D:7      | Reached *** piety under Makhleb
  7572 | D:8      | Reached skill level 5 in Ice Magic
  7686 | D:8      | Reached skill level 8 in Unarmed Combat
  7721 | D:8      | Noticed a troll
  7743 | D:8      | Killed a troll
  7748 | D:8      | Noticed a hornet
  7758 | D:8      | Noticed a two-headed ogre
  7760 | D:8      | Found a runed gate.
  7760 | D:8      | Found a runed gate.
  7760 | D:8      | Found a runed gate.
  7852 | D:8      | Slain by a two-headed ogre

Skill      XL: |  1  2  3  4  5  6  7  8  9 |
---------------+----------------------------+-----
Poison Magic   | 1 2 3 4 |  4.0
Unarmed Combat | 4 5 7 8 |  8.4
Transmutations | 3 5 6 |  6.0
Fighting       | 3 4 |  4.8
Ice Magic      | 3 5 |  5.0
Dodging        | |  2.0
Spellcasting   | |  2.0

Action                   |  1- 3 |  4- 6 |  7- 9 || total
-------------------------+-------+-------+-------++-------
Melee: Unarmed           |    72 |   125 |   246 ||   443
       Constrict         |    19 |    14 |    13 ||    46
       Tentacles         |    11 |    10 |    11 ||    32
       Kick              |     4 |     3 |     5 ||    12
       Punch             |       |     1 |     2 ||     3
 Cast: Beastly Appendage |     5 |     4 |     4 ||    13
       Spider Form       |     1 |    14 |    27 ||    42
       Sticks to Snakes  |       |     5 |    11 ||    16
       Ice Form          |       |       |     1 ||     1
  Use: Scroll            |       |       |     5 ||     5
 Stab: Sleeping          |     6 |     2 |     3 ||    11
  Eat: Chunk             |     3 |     9 |    14 ||    26
       Ration            |       |       |     1 ||     1
Armor: Skin              |     2 |     3 |    14 ||    19
Dodge: Dodged            |    44 |    76 |   177 ||   297
